| TOP OF THE 1ST |
|
San Francisco (APP) Giants batting - Pitching for Kingsport Mets : RHP Wei-hong Qi
|
|
Pitching: RHP Wei-hong Qi
|
|
|
Batting: SHB David Barona
|
0-0: Ball 1-0: Swinging Strike 1-1: Called Strike 1-2: Strikes out swinging
|
|
Batting: RHB Frank Pena
|
0-0: Called Strike 0-1: Ground out 6-3 (Groundball, 6, EV 101.3 MPH)
|
|
Batting: RHB Dinand Brouwer
|
0-0: Called Strike 0-1: Fly out, F9 (Line Drive, 9S, EV 89.4 MPH)
|
| Top of the 1st over - 0 runs, 0 hits, 0 errors, 0 left on base; San Francisco (APP) 0 - Kingsport 0 |
| BOTTOM OF THE 1ST |
|
Kingsport Mets batting - Pitching for San Francisco (APP) Giants : RHP Ryan Hoagland
|
|
Pitching: RHP Ryan Hoagland
|
|
|
Batting: RHB John Jones
|
0-0: Ball 1-0: Ball 2-0: Bunt missed! 2-1: Foul Ball, location: 2F 2-2: Strikes out swinging
|
|
Batting: SHB Callum Lynch
|
0-0: Ground out 5-3 (Groundball, 56, EV 90.0 MPH)
|
|
Batting: RHB Kyle Holland
|
0-0: Ball 1-0: Called Strike 1-1: Foul Ball, location: 2F 1-2: Ground out 4-3 (Groundball, 4, EV 89.4 MPH)
|
| Bottom of the 1st over - 0 runs, 0 hits, 0 errors, 0 left on base; San Francisco (APP) 0 - Kingsport 0 |
| TOP OF THE 2ND |
|
San Francisco (APP) Giants batting - Pitching for Kingsport Mets : RHP Wei-hong Qi
|
|
Batting: RHB Edwin Verdugo
|
0-0: Foul Ball, location: 2F 0-1: Called Strike 0-2: Ball 1-2: Ball 2-2: Ball 3-2: Fly out, F8 (Line Drive, 8LM, EV 101.9 MPH)
|
|
Batting: RHB Bill Defazio
|
0-0: Ball 1-0: Called Strike 1-1: Swinging Strike 1-2: Ball 2-2: Strikes out looking
|
|
Batting: RHB Teruhide Horiuchi
|
0-0: Called Strike 0-1: Swinging Strike 0-2: Foul Ball, location: 2F 0-2: Strikes out swinging
|
| Top of the 2nd over - 0 runs, 0 hits, 0 errors, 0 left on base; San Francisco (APP) 0 - Kingsport 0 |
| BOTTOM OF THE 2ND |
|
Kingsport Mets batting - Pitching for San Francisco (APP) Giants : RHP Ryan Hoagland
|
|
Batting: RHB Steve Page
|
0-0: Ball 1-0: Ground out U3 (Groundball, 34, EV 90.0 MPH)
|
|
Batting: SHB Jason Evans
|
0-0: Ball 1-0: Swinging Strike 1-1: Called Strike 1-2: Strikes out swinging
|
|
Batting: RHB Danny Runberg
|
0-0: Ball 1-0: Foul Ball, location: 2F 1-1: Fly out, F5 (Popup, 56, EV 60.0 MPH)
|
| Bottom of the 2nd over - 0 runs, 0 hits, 0 errors, 0 left on base; San Francisco (APP) 0 - Kingsport 0 |
| TOP OF THE 3RD |
|
San Francisco (APP) Giants batting - Pitching for Kingsport Mets : RHP Wei-hong Qi
|
|
Batting: RHB Ed Broomhead
|
0-0: SINGLE (Groundball, 6MD, EV 108.1 MPH)
|
|
Batting: RHB Pedro Quezada
|
0-0: Swinging Strike 0-1: Ball 1-1: Called Strike 1-2: Strikes out swinging
|
|
Batting: RHB Alexis Andrade
|
0-0: Swinging Strike 0-1: Ball 1-1: Called Strike 1-2: Ball 2-2: Strikes out looking
|
|
Batting: SHB David Barona
|
0-0: Ball 1-0: Called Strike 1-1: Ball 2-1: Foul Ball, location: 2F 2-2: Strikes out looking
|
| Top of the 3rd over - 0 runs, 1 hit, 0 errors, 1 left on base; San Francisco (APP) 0 - Kingsport 0 |
| BOTTOM OF THE 3RD |
|
Kingsport Mets batting - Pitching for San Francisco (APP) Giants : RHP Ryan Hoagland
|
|
Batting: SHB Alex Marcial
|
0-0: Ball 1-0: Called Strike 1-1: Foul Ball, location: 2F 1-2: Strikes out swinging
|
|
Batting: RHB Jack Nickleberry
|
0-0: Foul Ball, location: 2F 0-1: Swinging Strike 0-2: Foul Ball, location: 2F 0-2: Ball 1-2: Ball 2-2: Fly out, F5 (Line Drive, 5, EV 61.3 MPH)
|
|
Batting: SHB Alec Taylor
|
0-0: Foul Ball, location: 2F 0-1: Fly out, F6 (Popup, P, EV 83.8 MPH)
|
| Bottom of the 3rd over - 0 runs, 0 hits, 0 errors, 0 left on base; San Francisco (APP) 0 - Kingsport 0 |
| TOP OF THE 4TH |
|
San Francisco (APP) Giants batting - Pitching for Kingsport Mets : RHP Wei-hong Qi
|
|
Batting: RHB Frank Pena
|
0-0: Called Strike 0-1: Ground out 6-3 (Groundball, 6, EV 101.9 MPH)
|
|
Batting: RHB Dinand Brouwer
|
0-0: Swinging Strike 0-1: Ball 1-1: Ball 2-1: Foul Ball, location: 2F 2-2: Strikes out swinging
|
|
Batting: RHB Edwin Verdugo
|
0-0: Foul Ball, location: 2F 0-1: SINGLE (Flyball, 9LS, EV 88.1 MPH)
|
|
Batting: RHB Bill Defazio
|
0-0: Ball 1-0: Called Strike 1-1: Ball 2-1: Ground out 6-3 (Groundball, 6MD, EV 91.3 MPH)
|
| Top of the 4th over - 0 runs, 1 hit, 0 errors, 1 left on base; San Francisco (APP) 0 - Kingsport 0 |
| BOTTOM OF THE 4TH |
|
Kingsport Mets batting - Pitching for San Francisco (APP) Giants : RHP Ryan Hoagland
|
|
Batting: RHB John Jones
|
0-0: Called Strike 0-1: Ball 1-1: Foul Ball, location: 2F 1-2: Foul Ball, location: 2F 1-2: Ground out 4-3 (Groundball, 4M, EV 105.6 MPH)
|
|
Batting: SHB Callum Lynch
|
0-0: Called Strike 0-1: Called Strike 0-2: Ground out 4-3 (Groundball, 4, EV 77.5 MPH)
|
|
Batting: RHB Kyle Holland
|
0-0: Called Strike 0-1: SOLO HOME RUN (Flyball, 78XD, EV 99.4 MPH), Distance : 402 ft
|
|
Batting: RHB Steve Page
|
0-0: Called Strike 0-1: Foul Ball, location: 2F 0-2: Ball 1-2: Ball 2-2: Ball 3-2: Foul Ball, location: 2F 3-2: Base on Balls
|
|
Batting: SHB Jason Evans
|
0-0: Ball 1-0: Swinging Strike 1-1: Ball 2-1: Ground out U3 (Groundball, 3L, EV 78.8 MPH)
|
| Bottom of the 4th over - 1 run, 1 hit, 0 errors, 1 left on base; San Francisco (APP) 0 - Kingsport 1 |
| TOP OF THE 5TH |
|
San Francisco (APP) Giants batting - Pitching for Kingsport Mets : RHP Wei-hong Qi
|
|
Batting: RHB Teruhide Horiuchi
|
0-0: SOLO HOME RUN (Flyball, 7D, EV 96.3 MPH), Distance : 373 ft
|
|
Batting: RHB Ed Broomhead
|
0-0: Ball 1-0: Ball 2-0: Called Strike 2-1: Ball 3-1: Foul Ball, location: 2F 3-2: Fly out, F8 (Flyball, 8LD, EV 92.5 MPH)
|
|
Batting: RHB Pedro Quezada
|
0-0: Ball 1-0: Foul Ball, location: 2F 1-1: Ball 2-1: Ball 3-1: Ground out 4-3 (Groundball, 4S, EV 92.5 MPH)
|
|
Batting: RHB Alexis Andrade
|
0-0: Ground out 1-3 (Groundball, 34S, EV 67.5 MPH)
|
| Top of the 5th over - 1 run, 1 hit, 0 errors, 0 left on base; San Francisco (APP) 1 - Kingsport 1 |
| BOTTOM OF THE 5TH |
|
Kingsport Mets batting - Pitching for San Francisco (APP) Giants : RHP Ryan Hoagland
|
|
Batting: RHB Danny Runberg
|
0-0: Swinging Strike 0-1: Ground out 6-3 (Groundball, 6, EV 93.1 MPH)
|
|
Batting: SHB Alex Marcial
|
0-0: Called Strike 0-1: Ground out 4-3 (Groundball, 4, EV 86.9 MPH)
|
|
Batting: RHB Jack Nickleberry
|
0-0: Ball 1-0: Swinging Strike 1-1: Called Strike 1-2: Ball 2-2: Foul Ball, location: 2F 2-2: Foul Ball, location: 2F 2-2: Ball 3-2: Fly out, F8 (Flyball, 8LM, EV 90.6 MPH)
|
| Bottom of the 5th over - 0 runs, 0 hits, 0 errors, 0 left on base; San Francisco (APP) 1 - Kingsport 1 |
| TOP OF THE 6TH |
|
San Francisco (APP) Giants batting - Pitching for Kingsport Mets : RHP Wei-hong Qi
|
|
Batting: SHB David Barona
|
0-0: SINGLE (Groundball, 25, EV 68.8 MPH) (infield hit)
|
|
Batting: RHB Frank Pena
|
0-0: Called Strike David Barona steals 2nd base (no throw) 0-1: Foul Ball, location: 2F 0-2: Ball 1-2: Ground out 5-3 (Groundball, 56, EV 88.8 MPH)
|
|
Batting: RHB Dinand Brouwer
|
0-0: Called Strike David Barona steals 3rd base 0-1: SINGLE (Line Drive, 89S, EV 108.8 MPH) David Barona scores
|
|
Batting: RHB Edwin Verdugo
|
0-0: Foul Ball, location: 2F Balk! Dinand Brouwer to second 0-1: Ball 1-1: Called Strike 1-2: Ball 2-2: Foul Ball, location: 2F 2-2: Foul Ball, location: 2F 2-2: Foul Ball, location: 2F 2-2: Ball 3-2: SINGLE (Flyball, 8RS, EV 85.6 MPH) Dinand Brouwer to third Runner from 3rd tries for Home, throw by CF and OUT! 8-2
|
|
Batting: RHB Bill Defazio
|
0-0: Called Strike 0-1: SINGLE (Groundball, 34S, EV 68.1 MPH) (infield hit) Edwin Verdugo to second
|
|
Batting: RHB Teruhide Horiuchi
|
0-0: Ball Passed Ball! Edwin Verdugo to third Bill Defazio to second 1-0: DOUBLE (Line Drive, 7LD, EV 105.0 MPH) Edwin Verdugo scores Bill Defazio scores
|
|
Batting: RHB Ed Broomhead
|
0-0: Called Strike 0-1: Called Strike 0-2: Ground out 6-3 (Groundball, 6, EV 86.9 MPH)
|
| Top of the 6th over - 3 runs, 5 hits, 0 errors, 1 left on base; San Francisco (APP) 4 - Kingsport 1 |
| BOTTOM OF THE 6TH |
|
Kingsport Mets batting - Pitching for San Francisco (APP) Giants : RHP Ryan Hoagland
|
|
Batting: SHB Alec Taylor
|
0-0: Ball 1-0: Called Strike 1-1: SINGLE (Line Drive, 56, EV 103.8 MPH)
|
|
Batting: RHB John Jones
|
0-0: Called Strike 0-1: Ball 1-1: Ball 2-1: Ball 3-1: Foul Ball, location: 2F 3-2: Base on Balls Alec Taylor to second
|
|
Batting: SHB Callum Lynch
|
0-0: Ball 1-0: Ball 2-0: SINGLE (Groundball, 4D, EV 99.4 MPH) Alec Taylor to third John Jones to second
|
|
Batting: RHB Kyle Holland
|
0-0: Called Strike 0-1: Ball 1-1: Foul Ball, location: 2F 1-2: Foul Ball, location: 2F 1-2: Strikes out looking
|
|
Batting: RHB Steve Page
|
0-0: SINGLE (Groundball, 34D, EV 106.9 MPH) Alec Taylor scores John Jones to third Callum Lynch to second Runner from 3rd tries for Home, throw by RF and OUT! 9-2
|
|
Batting: SHB Jason Evans
|
0-0: Ball 1-0: Ground out 2-3 (Groundball, 13S, EV 69.4 MPH)
|
| Bottom of the 6th over - 1 run, 3 hits, 0 errors, 2 left on base; San Francisco (APP) 4 - Kingsport 2 |
| TOP OF THE 7TH |
|
San Francisco (APP) Giants batting - Pitching for Kingsport Mets : RHP Wei-hong Qi
|
|
Batting: RHB Pedro Quezada
|
0-0: Called Strike 0-1: Foul Ball, location: 2F 0-2: Ground out 6-3 (Groundball, 6, EV 102.5 MPH)
|
|
Batting: RHB Alexis Andrade
|
0-0: Foul Ball, location: 2F 0-1: Foul Ball, location: 2F 0-2: Ball 1-2: Ball 2-2: Ball 3-2: Ground out 4-3 (Groundball, 4S, EV 65.0 MPH)
|
|
Batting: SHB David Barona
|
0-0: Ball 1-0: Ball 2-0: Called Strike 2-1: Ball 3-1: Base on Balls
|
|
Batting: RHB Frank Pena
|
0-0: Called Strike David Barona steals 2nd base 0-1: Called Strike 0-2: Foul Ball, location: 2F 0-2: Ground out 1-3 (Groundball, 15S, EV 57.5 MPH)
|
| Top of the 7th over - 0 runs, 0 hits, 0 errors, 1 left on base; San Francisco (APP) 4 - Kingsport 2 |
| BOTTOM OF THE 7TH |
|
Kingsport Mets batting - Pitching for San Francisco (APP) Giants : RHP Ryan Hoagland
|
|
Pitching: LHP Gil Longoria
|
|
|
Batting: RHB Danny Runberg
|
0-0: Ball 1-0: Ball 2-0: Foul Ball, location: 2F 2-1: DOUBLE (Flyball, 89XD, EV 110.0 MPH)
|
|
Batting: SHB Alex Marcial
|
0-0: Called Strike 0-1: Called Strike 0-2: Ball Wild Pitch! Danny Runberg to third 1-2: Strikes out swinging
|
|
Batting: RHB Jack Nickleberry
|
0-0: Ball 1-0: Ball Wild Pitch! Danny Runberg scores 2-0: Swinging Strike 2-1: Ball 3-1: Base on Balls
|
|
Batting: SHB Alec Taylor
|
0-0: Foul Ball, location: 2F 0-1: Called Strike 0-2: Foul Ball, location: 2F 0-2: Ground out U3 (Groundball, 34S, EV 87.5 MPH) Jack Nickleberry to second
|
|
Batting: RHB John Jones
|
0-0: Ball 1-0: Called Strike 1-1: Called Strike 1-2: Ball 2-2: Strikes out looking
|
| Bottom of the 7th over - 1 run, 1 hit, 0 errors, 1 left on base; San Francisco (APP) 4 - Kingsport 3 |
| TOP OF THE 8TH |
|
San Francisco (APP) Giants batting - Pitching for Kingsport Mets : RHP Wei-hong Qi
|
|
Batting: RHB Dinand Brouwer
|
0-0: SINGLE (Line Drive, 34D, EV 108.1 MPH)
|
|
Batting: RHB Edwin Verdugo
|
0-0: Ball 1-0: Called Strike 1-1: Ball 2-1: Ball 3-1: SINGLE (Line Drive, 7LS, EV 96.9 MPH) Dinand Brouwer to second
|
|
Pitching: RHP Thomas Clark
|
|
|
Batting: RHB Bill Defazio
|
0-0: Ball 1-0: Ball 2-0: Ball 3-0: Base on Balls Dinand Brouwer to third Edwin Verdugo to second
|
|
Batting: RHB Teruhide Horiuchi
|
0-0: Ball 1-0: Ball 2-0: SINGLE (Groundball, 4D, EV 100.0 MPH) Dinand Brouwer scores Edwin Verdugo to third Bill Defazio to second
|
|
Batting: RHB Ed Broomhead
|
0-0: Called Strike 0-1: SINGLE (Groundball, 4MD, EV 106.3 MPH) Edwin Verdugo scores Bill Defazio to third Teruhide Horiuchi to second Runner from 3rd tries for Home, SAFE, throw by CF to home
|
|
Batting: RHB Pedro Quezada
|
0-0: Ball 1-0: Bunt missed! 1-1: Bunted foul 1-2: Foul Ball, location: 2F 1-2: Ball 2-2: Ball 3-2: Foul Ball, location: 2F 3-2: Foul Ball, location: 2F 3-2: 3-RUN HOME RUN (Line Drive, 7D, EV 97.5 MPH), Distance : 378 ft
|
|
Pitching: LHP Tony Diaz
|
|
|
Batting: RHB Alexis Andrade
|
0-0: Ball 1-0: Ball 2-0: Ball 3-0: Base on Balls
|
|
Batting: SHB David Barona
|
0-0: Ball 1-0: Swinging Strike 1-1: Ball 2-1: Foul Ball, location: 2F 2-2: Ball 3-2: Base on Balls Alexis Andrade to second
|
|
Batting: RHB Frank Pena
|
0-0: SINGLE (Flyball, 89S, EV 90.0 MPH) Alexis Andrade to third David Barona to second
|
|
Batting: RHB Dinand Brouwer
|
0-0: Ball 1-0: Called Strike 1-1: Ball 2-1: Foul Ball, location: 2F 2-2: Ball Wild Pitch! Alexis Andrade scores David Barona to third Frank Pena to second 3-2: Base on Balls
|
|
Batting: RHB Edwin Verdugo
|
0-0: Ball 1-0: Foul Ball, location: 2F 1-1: Called Strike 1-2: Ball 2-2: Ball Passed Ball! David Barona scores Frank Pena to third Dinand Brouwer to second 3-2: Fly out, F9 (Flyball, 9, EV 77.5 MPH)
|
|
Pitching: RHP Marvin Merino
|
|
|
Batting: RHB Bill Defazio
|
0-0: 3-RUN HOME RUN (Flyball, 89XD, EV 110.6 MPH), Distance : 409 ft
|
|
Batting: RHB Teruhide Horiuchi
|
0-0: Ground out 4-3 (Groundball, 34, EV 101.9 MPH)
|
|
Batting: RHB Ed Broomhead
|
0-0: Ground out 5-3 (Groundball, 56, EV 83.1 MPH)
|
| Top of the 8th over - 11 runs, 7 hits, 0 errors, 0 left on base; San Francisco (APP) 15 - Kingsport 3 |
| BOTTOM OF THE 8TH |
|
Kingsport Mets batting - Pitching for San Francisco (APP) Giants : LHP Gil Longoria
|
|
Pitching: LHP Mark Gregor
|
|
|
Batting: SHB Callum Lynch
|
0-0: Ball 1-0: Ground out 3-1 (Groundball, 34S, EV 71.9 MPH)
|
|
Batting: RHB Kyle Holland
|
0-0: Called Strike 0-1: SINGLE (Groundball, 6MD, EV 86.3 MPH) (infield hit)
|
|
Batting: RHB Steve Page
|
0-0: Foul Ball, location: 2F 0-1: Foul Ball, location: 2F 0-2: Ball 1-2: Ball 2-2: SINGLE (Groundball, 6D, EV 106.9 MPH) Kyle Holland to second
|
|
Batting: SHB Jason Evans
|
0-0: Ball Wild Pitch! Kyle Holland to third Steve Page to second 1-0: Ball 2-0: Swinging Strike 2-1: Foul Ball, location: 2F 2-2: Ball 3-2: Strikes out looking
|
|
Batting: RHB Danny Runberg
|
0-0: Foul Ball, location: 2F 0-1: Swinging Strike 0-2: Ball 1-2: Ball 2-2: Foul Ball, location: 2F 2-2: Ball 3-2: Ground out 3-1 (Groundball, 34, EV 101.9 MPH)
|
| Bottom of the 8th over - 0 runs, 2 hits, 0 errors, 2 left on base; San Francisco (APP) 15 - Kingsport 3 |
| TOP OF THE 9TH |
|
San Francisco (APP) Giants batting - Pitching for Kingsport Mets : RHP Marvin Merino
|
|
Batting: RHB Pedro Quezada
|
0-0: Ball 1-0: Reached on error, E6 (Groundball, 6, EV 79.4 MPH)
|
|
Batting: RHB Alexis Andrade
|
0-0: SINGLE (Flyball, 78S, EV 94.4 MPH) Pedro Quezada to second
|
|
Batting: SHB David Barona
|
0-0: Ball 1-0: Called Strike 1-1: Foul Ball, location: 2F 1-2: Foul Ball, location: 2F 1-2: Ball 2-2: Ball 3-2: SINGLE (Groundball, 34D, EV 96.9 MPH) Pedro Quezada to third Alexis Andrade to second Runner from 3rd tries for Home, SAFE, throw by RF to home
|
|
Batting: RHB Frank Pena
|
0-0: Ball 1-0: Swinging Strike 1-1: Ball 2-1: Fielders Choice at 2nd, 4-6 (Groundball, 4, EV 105.6 MPH) Alexis Andrade to third
|
|
Batting: RHB Dinand Brouwer
|
0-0: Ball 1-0: Foul Ball, location: 2F 1-1: Hit by Pitch Frank Pena to second
|
|
Pitching: RHP J.D. Brese
|
|
|
Batting: RHB Edwin Verdugo
|
0-0: Ball 1-0: Ball 2-0: Called Strike 2-1: Called Strike 2-2: Ball 3-2: Grounds into double play, 4-6-3 (Groundball, 4S, EV 83.1 MPH)
|
| Top of the 9th over - 1 run, 2 hits, 1 error, 2 left on base; San Francisco (APP) 16 - Kingsport 3 |
| BOTTOM OF THE 9TH |
|
Kingsport Mets batting - Pitching for San Francisco (APP) Giants : LHP Mark Gregor
|
|
Batting: SHB Alex Marcial
|
0-0: Swinging Strike 0-1: Called Strike 0-2: Foul Ball, location: 2F 0-2: Ball 1-2: Strikes out swinging
|
|
Batting: RHB Jack Nickleberry
|
0-0: Fly out, F9 (Flyball, 9S, EV 73.1 MPH)
|
|
Batting: SHB Alec Taylor
|
0-0: Ball 1-0: Foul Ball, location: 2F 1-1: Called Strike 1-2: DOUBLE (Line Drive, 7LD, EV 108.8 MPH)
|
|
Batting: RHB John Jones
|
0-0: Swinging Strike 0-1: Called Strike 0-2: Ball 1-2: Ball 2-2: Ball 3-2: Base on Balls
|
|
Batting: SHB Callum Lynch
|
0-0: Called Strike 0-1: Ball 1-1: Called Strike 1-2: Ball 2-2: Ball 3-2: Ground out U3 (Groundball, 34, EV 96.3 MPH)
|
| Bottom of the 9th over - 0 runs, 1 hit, 0 errors, 2 left on base; San Francisco (APP) 16 - Kingsport 3 |
|